 Dungeon Crawl Stone Soup version 0.20-a0-629-gc37eb77 (webtiles) character file.

301476 polly the Severer (level 19, -18/124 HPs)
             Began as a Demonspawn Gladiator on Feb 11, 2017.
             Was the Champion of Makhleb.
             Demolished by a spriggan defender
             ... wielding a +2 vampiric lajatang
             ... led by the Enchantress
              (19 damage)
             ... while paralysed by a great orb of eyes
             ... on level 1 of the Depths.
             The game lasted 02:54:22 (29885 turns).

polly the Severer (Demonspawn Gladiator)           Turns: 29885, Time: 02:54:24

Health: -18/124    AC: 30    Str: 22    XL:     19   Next: 78%
Magic:  0/41       EV:  2    Int: 17    God:    Makhleb [******]
Gold:   1446       SH:  0    Dex: 15    Spells: 17/36 levels left

rFire    + + +     SeeInvis +   F - +14 obsidian axe {chop, +Fly SInv *Curse}
rCold    + + .     Gourm    .   L - +8 plate armour of Disappointment {+Inv rPois Str+3}
rNeg     + . .     Faith    .   k - +18 shield of the Gong {rElec rN+ MR+ EV-5}
rPois    +         Spirit   +   V - +2 hat
rElec    +         Reflect  +   t - scarf {Spirit}
rCorr    .         Harm     .   G - +2 pair of gloves
MR       +....     NoTele   +   (boots unavailable)
Stlth    ..........             Y - +5 amulet of reflection
Regen    0.3/turn               a - ring "Goegguan" {rC+ MP+9 Int+4 Slay+3}
                                r - ring of Compulsion {Wiz rPois rF+++ MR- Str+2}

@: paralysed, cannot translocate, mesmerised, very slightly contaminated,
hasted, studying Axes, heavily drained
A: hooves 3, horns 2, yellow scales 2, blink, clumsy 1, cold resistance 1,
demonic guardian 2, frail 2, powered by death 3
}: 3/15 runes: barnacled, slimy, gossamer
a: Blink, Minor Destruction, Lesser Servant of Makhleb, Major Destruction,
Greater Servant of Makhleb, Renounce Religion, Evoke Invisibility, Evoke Flight


You were on level 1 of the Depths.
You worshipped Makhleb.
Makhleb was exalted by your worship.
You were hungry.

You visited 9 branches of the dungeon, and saw 41 of its levels.
You also visited: Labyrinth and Ice Cave.

You collected 4988 gold pieces.
You spent 3542 gold pieces at shops.

Inventory:

Hand Weapons
 F - the +14 obsidian axe (weapon) {chop, +Fly SInv *Curse}
   (You found it on level 6 of the Dungeon)

   It inflicts extra damage upon your enemies.
   It lets you see invisible.
   It lets you fly.
   It curses itself when equipped.
Missiles
 d - 5 throwing nets
 v - 38 javelins of penetration (quivered)
Armour
 k - the +18 shield of the Gong (worn) {rElec rN+ MR+ EV-5}
   (You bought it in a shop on level 2 of the Orcish Mines)

   It affects your evasion (-5).
   It insulates you from electricity.
   It protects you from negative energy.
   It affects your resistance to hostile enchantments.
 t - a scarf of spirit shield (worn)
 G - a +2 pair of gloves (worn)
 L - the +8 plate armour of Disappointment (worn) {+Inv rPois Str+3}
   (You found it in a labyrinth)

   It affects your strength (+3).
   It protects you from poison.
   It lets you turn invisible.
 V - a +2 hat (worn)
Jewellery
 a - the ring "Goegguan" (right hand) {rC+ MP+9 Int+4 Slay+3}
   (You found it on level 3 of the Elven Halls)

   [ring of slaying]

   It affects your intelligence (+4).
   It affects your accuracy and damage with ranged weapons and melee attacks
   (+3).
   It protects you from cold.
   It affects your magic capacity (+9).
 r - the ring of Compulsion (left hand) {Wiz rPois rF+++ MR- Str+2}
   (You found it on level 3 of the Elven Halls)

   [ring of wizardry]

   It improves your spell success rate.
   It affects your strength (+2).
   It renders you almost immune to fire.
   It protects you from poison.
   It affects your resistance to hostile enchantments.
 I - the ring of Divine Intervention {rCorr rN+}
   (You found it on level 3 of the Elven Halls)

   [ring of resist corrosion]

   It protects you from negative energy.
 Y - a +5 amulet of reflection (around neck)
 Z - the ring "Sarokh" {rC++ rN+ MP+9 Str+4 Int-3}
   (You found it in an ice cave)

   [ring of magical power]

   It affects your strength (+4).
   It affects your intelligence (-3).
   It greatly protects you from cold.
   It protects you from negative energy.
   It affects your magic capacity (+9).
Wands
 x - a wand of disintegration (14/24)
 D - a wand of digging (17/24)
Scrolls
 b - 3 scrolls of vulnerability
 c - 5 scrolls of fog
 g - 14 scrolls of teleportation
 h - 17 scrolls of remove curse
 j - 2 scrolls of summoning
 l - 5 scrolls of blinking
 m - 2 scrolls of enchant weapon
 q - 2 scrolls of recharging
 s - 5 scrolls of fear
 u - 2 scrolls of enchant armour
 A - 10 scrolls of amnesia
 H - 9 scrolls of magic mapping
 Q - 2 scrolls of silence
 T - a scroll of torment {unknown}
 W - 3 scrolls of immolation
 X - 5 scrolls of acquirement {unknown}
Potions
 e - 2 potions of agility
 i - 3 potions of brilliance
 o - a potion of heal wounds
 w - 14 potions of curing
 y - 2 potions of resistance
 C - 4 potions of ambrosia
 J - 8 potions of cancellation
 K - 3 potions of berserk rage
 M - 6 potions of mutation
 O - 2 potions of flight
 R - 3 potions of haste
 S - 3 potions of invisibility
Books
 z - a manual of Axes
Miscellaneous
 E - a lightning rod (4/4)
Comestibles
 f - 20 bread rations
 n - 15 meat rations
 p - 7 royal jellies
 N - 30 fruits


   Skills:
 + Level 15.3(12.4) Fighting
   Level 5.6(3.3) Long Blades
 + Level 18.3(15.3) Axes
 - Level 1.7(0.0) Throwing
 + Level 11.1(8.5) Armour
 + Level 6.6(4.3) Dodging
 - Level 4.3(2.1) Stealth
 + Level 16.1(13.2) Shields
 - Level 9.1(6.6) Spellcasting
 - Level 2.7(0.6) Charms
 - Level 4.0(1.8) Air Magic
 + Level 1.6(0.0) Evocations


You had 17 spell levels left.
You knew the following spells:

 Your Spells              Type           Power        Failure   Level  Hunger
a - Swiftness             Chrm/Air       #.......     89%         2    None
b - Tornado               Air            ##........   100%        9    #######
c - Deflect Missiles      Chrm/Air       #.........   100%        6    #######
d - Apportation           Tloc           #.....       89%         1    None
e - Animate Skeleton      Necr           N/A          89%         1    None


Dungeon Overview and Level Annotations

Branches:
Dungeon (15/15)            Temple (1/1) D:4            Lair (6/6) D:11
 Shoals (4/4) Lair:3       Spider (4/4) Lair:2        Slime (5/5) Lair:6
    Orc (2/2) D:12            Elf (3/3) Orc:2        Vaults (0/5) D:14
 Depths (1/5) D:15

Altars:
Ashenzari
Cheibriados
Dithmenos
Elyvilon
Fedhas
Gozag
Hepliaklqana
Kikubaaqudgha
Makhleb
Nemelex Xobeh
Okawaru
Qazlal
Ru
Sif Muna
Trog
Uskayaw
Vehumet
Xom
Yredelemnul
Zin
The Shining One
Beogh
Jiyva

Shops:
D:10 *   Orc:2 %[[(   Elf:2 (

Annotations:
Depths:1 the Enchantress


Innate Abilities, Weirdness & Mutations

You have hooves in place of feet.
You are mostly covered in yellow scales. (AC +3)
A demonic guardian rushes to your aid.
You regenerate a lot of health from kills.
You have a pair of horns on your head.
You can translocate small distances at will.
You are clumsy. (Dex -2)
Your flesh is cold resistant. (rC+)
You are very frail. (-20% HP)


Message History

The spriggan defender hits you with a lajatang of pain!!
* * * LOW HITPOINT WARNING * * *
You writhe in agony.
* * * LOW HITPOINT WARNING * * *
Your hellwing barely misses the spriggan defender.
Your hellwing hits the spriggan defender.
The spriggan defender hits you with a vampiric lajatang!
* * * LOW HITPOINT WARNING * * *
The Enchantress hits you but does no damage.
The spriggan rider hits you but does no damage.
The fire dragon bites you but does no damage.
The fire dragon claws you but does no damage.
The fire dragon tramples you but does no damage.
The spriggan defender hits you but does no damage.
You writhe in agony.
* * * LOW HITPOINT WARNING * * *
The Enchantress hits you with a rapier of speed.
* * * LOW HITPOINT WARNING * * *
The spriggan defender hits you with a vampiric lajatang!!
You die...

.###.########.#
......C......(i
...........uu.#
u............i#
...4.....4...(#
..!..G4.......#
......[ii.....#
C.....D@ii....#
###############


You could see the Enchantress (invisible), a fire giant (fleeing), a fire
dragon, 3 spriggan defenders, a great orb of eyes, 3 ugly things, an ettin
(fleeing), a spriggan rider, a spriggan (fleeing), a friendly orange demon and 2
friendly hellwings.

Vanquished Creatures
  the Royal Jelly (Slime:5)
  Dissolution (Slime:3)
  Saint Roka (Orc:2)
  Bai Suzhen (Spider:4)
  Nikola (Spider:4)
  Arachne (Spider:4)
  A deep elf blademaster (Elf:3)
  10 acid blobs (Slime:5)
  A deep elf master archer (Elf:3)
  Gastronok (Lair:1)
  Ilsuiw (Shoals:4)
  A frost giant (Shoals:4)
  7 azure jellies (Slime:5)
  4 deep elf sorcerers (Elf:3)
  3 ghost moths (Spider:4)
  3 emperor scorpions
  3 deep elf elementalists (Elf:3)
  2 entropy weavers
  5 deep elf annihilators (Elf:3)
  2 spark wasps
  2 deep elf demonologists (Elf:3)
  4 deep elf death magi
  Snorg (D:11)
  5 merfolk javelineers
  A fire dragon (D:15)
  4 death oozes
  10 merfolk impalers
  Fannar (Lair:1)
  3 great orbs of eyes (Slime:5)
  A minotaur (Lab)
  3 deep elf high priests
  An ice dragon (IceCv)
  3 hydras
  2 merfolk aquamancers (Shoals:4)
  An alligator snapping turtle (Shoals:4)
  2 centaur warriors (D:15)
  A spriggan air mage (Depths:1)
  A merfolk avatar (Shoals:3)
  5 two-headed ogres
  A tengu warrior (D:11)
  23 dancing weapons
  Erica (D:11)
  An orc high priest (Elf:2)
  5 death yaks
  The ghost of ChocoNymphy the Basher, a journeyman VSFi of Gozag (D:10)
  13 deep elf knights
  The ghost of mibe the Spear-Bearer, a novice HuAK of Lugonu (D:7)
  A small abomination (Elf:3)
  10 sea snakes
  A kraken simulacrum (Shoals:4)
  4 deep elf archers
  A lindwurm (Lair:6)
  4 harpies (Shoals:4)
  9 ugly things
  4 cyclopes
  9 orb spiders
  2 orc sorcerers (Orc:2)
  19 wolf spiders
  8 fauns
  3 shining eyes
  30 deep elf magi
  8 manticores
  3 moths of wrath
  Joseph (Lair:1)
  3 elephants
  Psyche (D:11)
  8 black mambas
  A gargoyle (D:15)
  4 merfolk sirens
  2 ice statues (IceCv)
  Maurice (D:11)
  9 spiny frogs
  A torpor snail (Lair:5)
  7 water nymphs
  3 rime drakes
  4 komodo dragons
  An efreet (D:14)
  A kobold demonologist (D:12)
  A freezing wraith (D:14)
  5 demonic crawlers
  A tengu conjurer (D:14)
  7 trolls
  19 jumping spiders
  3 polar bears (Lair:6)
  2 wind drakes
  23 merfolk
  5 hornets
  38 slime creatures
  6 snapping turtles
  10 blink frogs
  30 dream sheep
  6 hippogriffs
  44 redbacks
  18 tarantellas
  2 wyverns
  A wraith (D:14)
  A spriggan (D:8)
  10 water elementals
  2 air elementals
  3 shadows
  33 yaks
  A fire elemental (Elf:3)
  2 basilisks
  11 golden eyes
  2 hungry ghosts
  Menkaure (D:7)
  3 acid dragons
  3 wargs
  7 soldier ants (Lair:5)
  11 water moccasins
  13 porcupines
  4 eyes of draining
  15 ice beasts
  A sky beast (D:10)
  24 orc warriors
  8 ogres
  A black bear (D:12)
  4 phantoms
  18 centaurs
  29 wolves
  15 crocodiles
  2 big kobolds
  10 bullfrogs
  A gnoll sergeant (D:10)
  2 earth elementals
  2 scorpions
  4 killer bees
  6 wights
  3 electric eels
  7 crimson imps
  A howler monkey (D:7)
  A lava snake (Lair:1)
  A centaur zombie (D:8)
  5 hounds
  12 orc priests
  3 bullfrog skeletons
  4 jellies
  A gnoll shaman (D:6)
  3 iguanas
  Crazy Yiuf (D:3)
  Ijyb (D:3)
  23 worker ants
  18 orc wizards
  9 gnolls
  9 adders
  5 shadow imps
  An adder skeleton (D:8)
  3 worms
  2 dart slugs
  5 leopard geckos
  75 orcs
  4 giant cockroaches
  4 goblins
  6 hobgoblins
  12 jackals
  A quokka (D:2)
  3 bats (D:2)
  2 frilled lizards
  A jackal zombie (D:5)
  14 kobolds
  A leopard gecko skeleton (D:5)
  A leopard gecko zombie (D:5)
  3 rats
  4 fungi
  7 plants
  A tentacle (Shoals:4)
1037 creatures vanquished.

Vanquished Creatures (collateral kills)
  Asterion (Spider:4)
  2 acid blobs
  A deep elf master archer (Elf:3)
  4 azure jellies
  2 deep elf sorcerers (Elf:3)
  2 emperor scorpions
  A deep elf elementalist (Elf:3)
  2 entropy weavers
  A spark wasp (Spider:4)
  4 deep elf annihilators (Elf:3)
  A death ooze (Slime:5)
  2 merfolk javelineers (Shoals:4)
  2 deep elf high priests
  4 merfolk impalers
  2 great orbs of eyes
  2 ice dragons
  3 hydras
  A death knight (D:14)
  A catoblepas (Lair:6)
  5 dancing weapons (Elf:2)
  A tengu warrior (D:14)
  A two-headed ogre (D:10)
  A merfolk aquamancer (Shoals:4)
  A deep troll shaman (Lair:6)
  A queen ant (Lair:5)
  2 death yaks (Lair:6)
  2 deep elf knights
  A small abomination (Elf:3)
  An iron troll (D:14)
  3 sea snakes
  8 deep elf archers
  13 deep elf magi
  4 orb spiders
  A lindwurm (D:14)
  12 wolf spiders
  An ugly thing (D:15)
  2 orc sorcerers (Orc:2)
  3 cyclopes
  3 manticores
  A shining eye (Slime:1)
  15 slime creatures
  An elephant (Lair:6)
  5 fauns
  A black mamba (Lair:6)
  A centaur zombie (D:14)
  4 merfolk sirens
  A water nymph (Shoals:4)
  An eye of devastation (Slime:1)
  A yaktaur (Shoals:2)
  A freezing wraith (D:14)
  A rime drake (IceCv)
  3 demonic crawlers
  A troll (Orc:2)
  13 merfolk
  2 wind drakes (Shoals:3)
  8 jumping spiders
  3 snapping turtles
  2 hornets (Spider:4)
  3 blink frogs (Lair:4)
  12 dream sheep
  A hippogriff (Lair:1)
  An air elemental (Elf:3)
  5 tarantellas
  A water elemental (D:12)
  A wyvern (Lair:2)
  15 redbacks
  A wraith (D:14)
  10 yaks
  3 golden eyes
  A warg (Orc:2)
  9 soldier ants
  A water moccasin (Lair:2)
  4 ice beasts
  10 orc warriors
  2 ogres
  A phantom (D:4)
  6 centaurs
  7 wolves
  2 crocodiles
  A bullfrog (Lair:1)
  A wight (D:12)
  A bullfrog zombie (D:12)
  2 crimson imps (D:12)
  A hound (D:8)
  A jelly (D:13)
  6 orc priests
  2 orc wizards (Orc:2)
  A centaur skeleton (D:8)
  4 worker ants (Lair:5)
  A worker ant zombie (D:6)
  5 gnolls (D:6)
  3 leopard geckos (D:6)
  13 orcs
  A giant cockroach (D:5)
  A crawling corpse (Elf:3)
  2 fungi
  2 plants (Lair:6)
313 creatures vanquished.

Vanquished Creatures (others)
  A deep elf master archer (Elf:3)
  A deep elf annihilator (Elf:3)
  A merfolk aquamancer (Shoals:4)
  2 satyrs (Shoals:3)
  An alligator snapping turtle (Shoals:4)
  2 fauns
  A centaur (Shoals:2)
  A hound (D:14)
  A jackal (D:3)
  A bush (Shoals:2)
  9 fungi
  5 plants
  3 tentacles (Shoals:4)
29 creatures vanquished.

Grand Total: 1379 creatures vanquished

Notes
Turn   | Place    | Note
-------+----------+-------------------------------------------
     0 | D:1      | polly the Demonspawn Gladiator began the quest for the Orb.
     0 | D:1      | Reached XP level 1. HP: 16/16 MP: 1/1
   644 | D:2      | Gained mutation: You regenerate a little health from kills. [demonic ancestry]
   644 | D:2      | Reached XP level 2. HP: 19/22 MP: 2/2
   761 | D:2      | Reached XP level 3. HP: 14/27 MP: 3/3
   930 | D:2      | Found a faded altar of an unknown god.
   946 | D:2      | Reached skill level 1 in Armour
  1278 | D:3      | Gained mutation: You are partially covered in yellow scales. (AC +2) [demonic ancestry]
  1278 | D:3      | Reached XP level 4. HP: 28/33 MP: 4/4
  1326 | D:3      | Noticed Ijyb
  1336 | D:3      | Killed Ijyb
  1420 | D:3      | Found a runed door.
  1485 | D:3      | Found a shimmering altar of Xom.
  1632 | D:3      | Found a sparkling altar of Nemelex Xobeh.
  1695 | D:3      | Noticed Crazy Yiuf
  1699 | D:3      | Killed Crazy Yiuf
  1699 | D:3      | Gained mutation: A weak demonic guardian rushes to your aid. [demonic ancestry]
  1699 | D:3      | Reached XP level 5. HP: 39/39 MP: 5/5
  2047 | D:4      | Found a shadowy altar of Dithmenos.
  2047 | D:4      | Noticed a phantom
  2066 | D:4      | Killed a phantom
  2075 | D:4      | Noticed an ogre
  2081 | D:4      | Killed an ogre
  2081 | D:4      | Reached skill level 5 in Long Blades
  2081 | D:4      | Gained mutation: You regenerate health from kills. [demonic ancestry]
  2081 | D:4      | Reached XP level 6. HP: 45/46 MP: 6/6
  2272 | D:4      | Found a staircase to the Ecumenical Temple.
  2278 | Temple   | Entered the Ecumenical Temple
  2475 | Temple   | Became a worshipper of Makhleb the Destroyer
  2766 | D:4      | Reached skill level 1 in Shields
  3054 | D:5      | Entered Level 5 of the Dungeon
  3137 | D:5      | Reached XP level 7. HP: 45/51 MP: 7/7
  3247 | D:5      | Found an iron altar of Okawaru.
  3566 | D:6      | Found a deep blue altar of Sif Muna.
  3652 | D:6      | Reached * piety under Makhleb
  3652 | D:6      | Reached skill level 1 in Axes
  3710 | D:6      | Reached skill level 2 in Axes
  3710 | D:6      | Gained mutation: You have large cloven feet. [demonic ancestry]
  3710 | D:6      | Reached XP level 8. HP: 28/58 MP: 8/8
  4138 | D:7      | Reached skill level 3 in Axes
  4231 | D:7      | Noticed mibe's ghost (novice HuAK)
  4241 | D:7      | Killed mibe's ghost
  4241 | D:7      | Reached skill level 5 in Axes
  4241 | D:7      | Reached skill level 1 in Evocations
  4438 | D:7      | Noticed a rust devil
  4691 | D:7      | Reached XP level 9. HP: 65/65 MP: 9/9
  4735 | D:7      | Noticed Menkaure
  4743 | D:7      | Killed Menkaure
  5013 | D:8      | Reached skill level 6 in Axes
  5057 | D:8      | Reached ** piety under Makhleb
  5921 | D:9      | Reached skill level 7 in Axes
  5972 | D:9      | Noticed a two-headed ogre
  5977 | D:9      | Killed a two-headed ogre
  6001 | D:9      | Reached skill level 5 in Fighting
  6025 | D:9      | Gained mutation: You regenerate a lot of health from kills. [demonic ancestry]
  6025 | D:9      | Reached XP level 10. HP: 74/74 MP: 10/10
  6124 | D:9      | Reached skill level 8 in Axes
  6124 | D:9      | Reached skill level 5 in Shields
  6237 | D:9      | Noticed a two-headed ogre
  6243 | D:9      | Killed a two-headed ogre
  6243 | D:9      | Reached skill level 1 in Stealth
  6466 | D:10     | Entered Level 10 of the Dungeon
  6485 | D:10     | Gained mutation: You are frail. (-10% HP) [a neqoxec]
  6517 | D:10     | Reached *** piety under Makhleb
  6529 | D:10     | Noticed a two-headed ogre
  6536 | D:10     | Killed a two-headed ogre
  6536 | D:10     | Reached skill level 9 in Axes
  6618 | D:10     | Gained mutation: You evolve. [mutagenic meat]
  6731 | D:10     | Noticed ChocoNymphy's ghost (journeyman VSFi)
  6742 | D:10     | Killed ChocoNymphy's ghost
  6742 | D:10     | Reached skill level 5 in Armour
  6742 | D:10     | Reached skill level 5 in Dodging
  6811 | D:10     | Found Haahoc's Assorted Antiques.
  6816 | D:10     | Bought 2 fizzy purple potions for 43 gold pieces
  6816 | D:10     | Bought a glowing helmet for 180 gold pieces
  6816 | D:10     | Bought a scroll labeled JUOCWI OWKYRIA for 24 gold pieces
  6829 | D:10     | Bought a scroll labeled EBBAHOLILA for 24 gold pieces
  6838 | D:10     | Noticed a two-headed ogre
  6845 | D:10     | Killed a two-headed ogre
  6857 | D:10     | Found an ancient bone altar of Kikubaaqudgha.
  7344 | D:11     | Reached skill level 10 in Axes
  7400 | D:11     | Noticed Maurice
  7404 | D:11     | Killed Maurice
  7404 | D:11     | Gained mutation: You are mostly covered in yellow scales. (AC +3) [demonic ancestry]
  7404 | D:11     | Reached XP level 11. HP: 72/72 MP: 12/12
  7405 | D:11     | Noticed Snorg
  7419 | D:11     | Killed Snorg
  7496 | D:11     | Noticed a purple ugly thing
  7499 | D:11     | Killed a purple ugly thing
  7707 | D:11     | Noticed Erica
  7710 | D:11     | Noticed a death yak
  7721 | D:11     | Killed Erica
  7726 | D:11     | Killed a death yak
  7743 | D:11     | Found a staircase to the Lair.
  7768 | D:11     | Gained mutation: Your flesh is cold resistant. (rC+) [evolution]
  7774 | D:11     | Reached **** piety under Makhleb
  7814 | D:11     | Noticed a tengu warrior
  7823 | D:11     | Killed a tengu warrior
  7824 | D:11     | Found a labyrinth entrance.
  7830 | D:11     | Noticed Psyche
  7836 | D:11     | Killed Psyche
  7838 | Lab      | Entered a labyrinth
  7892 | Lab      | Noticed a minotaur
  7903 | Lab      | Killed a minotaur
  7908 | Lab      | Got a sparkling tin amulet
  7945 | Lab      | Identified the amulet of Araletz {Harm *Drain rN+} (You found it in a labyrinth)
  7950 | Lab      | Got a smoking plate armour
  7964 | D:11     | Identified the +8 plate armour of Disappointment {+Inv rPois Str+3} (You found it in a labyrinth)
  8163 | D:11     | Found a bloodstained altar of Trog.
  8756 | D:12     | Gained mutation: You have hoof-like feet. [demonic ancestry]
  8756 | D:12     | Reached XP level 12. HP: 81/81 MP: 13/13
  8808 | D:12     | Found a hazy altar of Hepliaklqana.
  9042 | D:12     | Reached skill level 11 in Axes
  9192 | D:12     | Found a staircase to the Orcish Mines.
  9562 | D:13     | Found a frozen archway.
  9582 | IceCv    | Entered an ice cave
  9762 | IceCv    | Noticed an ice dragon
  9763 | IceCv    | Noticed an ice dragon
  9773 | IceCv    | Killed an ice dragon
  9775 | IceCv    | Killed an ice dragon
  9811 | IceCv    | Learned a level 2 spell: Swiftness
  9854 | IceCv    | Got a clouded granite ring
  9865 | IceCv    | Identified the ring "Ibozxaud" {+Fly MR++ Str-3} (You found it in an ice cave)
  9883 | IceCv    | Got a crude glass ring
  9884 | IceCv    | Identified the ring "Sarokh" {rC++ rN+ MP+9 Str+4 Int-3} (You found it in an ice cave)
  9964 | D:13     | Reached ***** piety under Makhleb
  9993 | D:13     | Gained mutation: You can translocate small distances at will. [evolution]
 10319 | D:14     | Reached skill level 1 in Charms
 10327 | D:14     | Reached skill level 1 in Spellcasting
 10435 | D:14     | Reached skill level 1 in Air Magic
 10472 | D:14     | Noticed a two-headed ogre
 10476 | D:14     | Killed a two-headed ogre
 10618 | D:14     | Found a gate to the Vaults.
 10833 | D:14     | Gained mutation: You have hooves in place of feet. [demonic ancestry]
 10833 | D:14     | Reached XP level 13. HP: 89/89 MP: 15/15
 11122 | D:15     | Entered Level 15 of the Dungeon
 11614 | D:15     | Noticed a fire dragon
 11621 | D:15     | Killed a fire dragon
 11622 | D:15     | Found a staircase to the Depths.
 11807 | D:15     | Learned a level 9 spell: Tornado
 12090 | Lair:1   | Entered Level 1 of the Lair of Beasts
 12160 | Orc:1    | Entered Level 1 of the Orcish Mines
 12245 | Lair:1   | Gained mutation: You have a pair of small horns on your head. [evolution]
 12277 | Lair:1   | Reached skill level 10 in Shields
 12312 | Lair:1   | Noticed Joseph
 12319 | Lair:1   | Killed Joseph
 12484 | Lair:1   | Noticed Fannar
 12491 | Lair:1   | Killed Fannar
 12607 | Lair:1   | Reached ****** piety under Makhleb
 12742 | Lair:1   | Noticed Gastronok
 12751 | Lair:1   | Killed Gastronok
 12916 | Lair:2   | Reached skill level 10 in Fighting
 12947 | Lair:2   | Reached XP level 14. HP: 99/99 MP: 19/19
 13229 | Lair:2   | Found a hole to the Spider Nest.
 13827 | Lair:3   | Found a staircase to the Shoals.
 13833 | Lair:3   | Reached skill level 12 in Axes
 14258 | Lair:4   | Learned a level 6 spell: Deflect Missiles
 15374 | Lair:5   | Noticed an entropy weaver
 15375 | Lair:5   | Noticed an entropy weaver
 15389 | Lair:5   | Killed an entropy weaver
 15409 | Lair:5   | Killed an entropy weaver
 16134 | Lair:6   | Entered Level 6 of the Lair of Beasts
 16285 | Lair:6   | Reached skill level 5 in Spellcasting
 16338 | Lair:6   | Found a radiant altar of Vehumet.
 16363 | Lair:6   | Found a staircase to the Slime Pits.
 16583 | Lair:6   | Reached skill level 13 in Axes
 16631 | Lair:6   | Gained mutation: A demonic guardian rushes to your aid. [demonic ancestry]
 16631 | Lair:6   | Reached XP level 15. HP: 106/106 MP: 23/23
 16719 | Lair:6   | Identified the Incunabulum of Bewitchment
 17562 | Orc:2    | Entered Level 2 of the Orcish Mines
 17818 | Orc:2    | Found a roughly hewn altar of Beogh.
 17845 | Orc:2    | Found a staircase to the Elven Halls.
 17911 | Orc:2    | Found a roughly hewn altar of Beogh.
 17939 | Orc:2    | Found a roughly hewn altar of Beogh.
 18038 | Orc:2    | Found a roughly hewn altar of Beogh.
 18085 | Orc:2    | Found Meogito's Antique Armour Shop.
 18093 | Orc:2    | Bought a warped ring mail for 270 gold pieces
 18093 | Orc:2    | Bought a pair of embroidered gloves for 225 gold pieces
 18133 | Orc:2    | Identified the +1 ring mail of Youthful Indiscretion {rElec rPois rN++ Stlth-} (You bought it in a shop on level 2 of the Orcish Mines)
 18350 | Orc:2    | Found a roughly hewn altar of Beogh.
 18350 | Orc:2    | Found Tail's Food Emporium.
 18406 | Orc:2    | Found a roughly hewn altar of Beogh.
 18477 | Orc:2    | Noticed Saint Roka
 18497 | Orc:2    | Killed Saint Roka
 18500 | Orc:2    | Found Qonauref's Antique Weapon Boutique.
 18513 | Orc:2    | Found Ajuwkubb's Antique Armour Shop.
 18514 | Orc:2    | Found a roughly hewn altar of Beogh.
 18734 | Elf:1    | Entered Level 1 of the Elven Halls
 19238 | Elf:1    | Gained mutation: You are very frail. (-20% HP) [evolution]
 19396 | Elf:1    | Reached skill level 14 in Axes
 20034 | Elf:2    | Found Ydghexug's Weapon Boutique.
 20061 | Elf:2    | Reached XP level 16. HP: 101/101 MP: 26/26
 20236 | Elf:2    | Found a huge runed gate.
 20236 | Elf:2    | Found a huge runed gate.
 20236 | Elf:2    | Found a huge runed gate.
 20240 | Elf:2    | Found a huge runed gate.
 20241 | Elf:2    | Found a huge runed gate.
 20747 | Elf:3    | Entered Level 3 of the Elven Halls
 20831 | Elf:3    | Reached skill level 15 in Axes
 20867 | Elf:3    | Noticed a deep elf master archer
 20875 | Elf:3    | Killed a deep elf master archer
 20876 | Elf:3    | Noticed a deep elf master archer
 20883 | Elf:3    | Killed a deep elf master archer
 20885 | Elf:3    | Noticed a Hell Sentinel
 20892 | Elf:3    | Noticed a deep elf blademaster
 20907 | Elf:3    | Killed a deep elf blademaster
 20908 | Elf:3    | Noticed a deep elf master archer
 20919 | Elf:3    | Killed a deep elf master archer
 20933 | Elf:3    | Reached XP level 17. HP: 108/108 MP: 29/29
 20995 | Elf:3    | Got a warped triple sword
 21018 | Elf:3    | Got a transparent scythe
 21056 | Elf:3    | Identified the cursed +2 scythe "Amuostrag" {venom, Str+2 Stlth+} (You found it on level 3 of the Elven Halls)
 21060 | Elf:3    | Identified the +3 triple sword of Buzefoh {vamp, Int+4} (You found it on level 3 of the Elven Halls)
 21070 | Elf:3    | Got a clouded ivory ring
 21076 | Elf:3    | Identified the ring of Divine Intervention {rCorr rN+} (You found it on level 3 of the Elven Halls)
 21082 | Elf:3    | Got a faintly glowing chain mail
 21094 | Elf:3    | Identified the +1 chain mail of the Heavens {*Corrode MP+9 Dex+4 Slay+6} (You found it on level 3 of the Elven Halls)
 21118 | Elf:3    | Learned a level 1 spell: Apportation
 21120 | Elf:3    | Learned a level 1 spell: Animate Skeleton
 21493 | Elf:3    | Found an ancient bone altar of Kikubaaqudgha.
 21666 | Elf:3    | Lost mutation: You are very frail. (-20% HP) [evolution]
 21699 | Elf:3    | Got a translucent granite ring
 21701 | Elf:3    | Identified the ring of Compulsion {Wiz rPois rF+++ MR- Str+2} (You found it on level 3 of the Elven Halls)
 21722 | Elf:3    | Identified the Volume of the Blaze and Bewitchment
 21823 | Elf:3    | Got a wavering jade ring
 21825 | Elf:3    | Identified the ring "Goegguan" {rC+ MP+9 Int+4 Slay+3} (You found it on level 3 of the Elven Halls)
 21834 | Elf:3    | Identified Sif Muna's Disquisition on Shifting Beguiling
 22110 | Orc:2    | Bought a polished cloak for 247 gold pieces
 22110 | Orc:2    | Bought the +18 shield of the Gong {rElec rN+ MR+ EV-5} for 2529 gold pieces
 22132 | Orc:2    | Identified the +0 cloak of Trog's Righteous Fury {-Tele +Fly MR+ Dex+2} (You bought it in a shop on level 2 of the Orcish Mines)
 22315 | Shoals:1 | Entered Level 1 of the Shoals
 22325 | Shoals:1 | Got an ancient copper ring
 22353 | Shoals:1 | Reached skill level 10 in Armour
 22703 | Shoals:1 | Identified the ring "Tapromeu" {+Inv rPois rF- Str+6 Stlth+} (You found it on level 1 of the Shoals)
 23553 | Shoals:3 | Reached skill level 16 in Axes
 23908 | Shoals:4 | Entered Level 4 of the Shoals
 23932 | Shoals:4 | Noticed Ilsuiw
 23975 | Shoals:4 | Killed Ilsuiw
 24064 | Shoals:4 | Reached XP level 18. HP: 130/130 MP: 31/31
 24515 | Shoals:4 | Gained mutation: You have a pair of horns on your head. [evolution]
 24550 | Shoals:4 | Got a barnacled rune of Zot
 24864 | Spider:1 | Entered Level 1 of the Spider Nest
 25515 | Spider:1 | Reached skill level 15 in Shields
 25953 | Spider:2 | Got a pitted diamond amulet
 25955 | Spider:2 | Identified the amulet "Dorot" {Inacc rPois MR++ Str+2 Dex-3} (You found it on level 2 of the Spider Nest)
 27781 | Spider:4 | Entered Level 4 of the Spider Nest
 27784 | Spider:4 | Reached skill level 17 in Axes
 27789 | Spider:4 | Noticed Arachne
 27812 | Spider:4 | Killed Arachne
 27835 | Spider:4 | Noticed Asterion
 27841 | Spider:4 | Killed Asterion
 27870 | Spider:4 | Noticed Bai Suzhen
 27881 | Spider:4 | Killed Bai Suzhen
 27895 | Spider:4 | Noticed Nikola
 27904 | Spider:4 | Killed Nikola
 28280 | Spider:4 | Reached XP level 19. HP: 136/136 MP: 0/32
 28302 | Spider:4 | Got a gossamer rune of Zot
 28866 | Slime:1  | Entered Level 1 of the Pits of Slime
 28880 | Slime:1  | Lost mutation: You evolve. [a shining eye]
 28881 | Slime:1  | Gained mutation: You are clumsy. (Dex -2) [a shining eye]
 29029 | Slime:4  | Noticed Dissolution
 29067 | Slime:3  | Killed Dissolution
 29129 | Slime:5  | Entered Level 5 of the Pits of Slime
 29162 | Slime:5  | Reached skill level 18 in Axes
 29163 | Slime:5  | Noticed the Royal Jelly
 29187 | Slime:5  | Paralysed by a great orb of eyes for 3 turns
 29198 | Slime:5  | Found a viscous altar of Jiyva.
 29214 | Slime:5  | Killed the Royal Jelly
 29214 | Slime:5  | Reached skill level 15 in Fighting
 29229 | Slime:5  | Gained mutation: You are very frail. (-20% HP) [a shining eye]
 29255 | Slime:5  | Got a slimy rune of Zot
 29270 | Slime:5  | Got a fine turquoise ring
 29425 | Slime:5  | Identified the ring "Ehoeplus" {Str+3 Int+2 Dex+2} (You found it on level 5 of the Pits of Slime)
 29444 | Slime:5  | Identified the Tome of Supportive Conjuration
 29448 | Slime:5  | Got a distressingly furry ring mail
 29468 | Slime:5  | Identified the cursed +0 ring mail of Titiuthro {Dex+2} (You found it on level 5 of the Pits of Slime)
 29867 | Depths:1 | Entered Level 1 of the Depths
 29867 | Depths:1 | Noticed the Enchantress
 29883 | Depths:1 | Paralysed by a great orb of eyes for 5 turns
 29884 | Depths:1 | HP: 4/124 [spriggan defender/vampiric lajatang[the Enchantress] (5)]
 29885 | Depths:1 | HP: 1/124 [the Enchantress/rapier of speed (2)]
 29885 | Depths:1 | Demolished by a spriggan defender

Vault maps used:
D:1:      tarquinn_simple_flora_water_b
D:2:      chequers_ecumenical_altar_simple_redux
D:3:      lemuel_doored_altar, first_bread, xom_teletrap_fun,
          uniq_crazy_yiuf_cottage, uniq_iyjb
D:4:      minmay_temple_entry_fiery, grunt_dithmenos_shadows
D:5:      kennysheep_mini_moat, minmay_holes
D:6:      nicolae_whirlpool, led_sif_book
D:7:      uniq_menkaure
D:8:      the_bakery
D:10:     basic_altar, serial_shops, shop
D:11:     david_lair_generic, basic_altar, lab_entry_generic, uniq_erica,
          uniq_snorg, uniq_maurice, uniq_psyche
D:12:     nooodl_glass_maze, basic_altar, nicolae_underground_beach
D:13:     portal_ice_cave_entry_pillars_1
D:14:     david_vaults_4, bh_walls_and_bars
D:15:     grunt_enter_depths_hoard, moated_statue
Temple:   eino_narrow_crystal_temple
Lair:1:   zaba_anthole, grunt_forest_stairs_basic, serial_bayou_shore_b,
          uniq_fannar, uniq_gastronok, uniq_joseph
Lair:2:   spider_nest_entry_funnel_web, st_stairs_4,
          grunt_forest_large_clearings, grunt_megastairs_2
Lair:3:   minmay_shoals_entry_hut
Lair:4:   st_stairs_4, minivault_26, serial_bayou_crossing
Lair:5:   zaba_antful_of_joy
Lair:6:   grunt_lair_end_beastmaster, slime_dummy, basic_altar
Shoals:2: yaktaur_hedge
Shoals:3: nicolae_shoals_dead_sea_scrolls
Shoals:4: shoals_end_grunt_ice, shoal_ilsuiw
Spider:4: spider_rune_water, uniq_nikola, uniq_arachne, uniq_bai_suzhen,
          uniq_asterion
Slime:1:  basic_altar
Slime:3:  basic_altar
Slime:4:  uniq_dissolution
Orc:1:    uniq_urug
Orc:2:    grunt_orc_community_town_hall, grunt_orc_community_big_house_1,
          grunt_orc_community_big_house_1, grunt_orc_community_house_3,
          grunt_orc_community_house_1, grunt_orc_community_house_3,
          grunt_orc_community_house_3
Elf:1:    kennysheep_underground_church, grunt_ministairs_4
Elf:2:    serial_shops, shop
Elf:3:    minmay_elf_hall_furrowed, basic_altar
Depths:1: serial_sigils, serial_sigils_hangedman_gnaw,
          serial_sigils_hangedman_gut, serial_sigils_hangedman_writhe,
          serial_sigils_hangedman_carve, serial_sigils_hangedman_shear,
          serial_sigils_hangedman_confine, hell_entry, uniq_enchantress
IceCv:    ice_cave_small_dragons

Skill      XL: |  1  2  3  4  5  6  7  8  9 10 11 12 13 14 15 16 17 18 19 |
---------------+----------------------------------------------------------+-----
Long Blades    | 3 4 5 |  5.6
Dodging        | 3 4 5 6 |  6.6
Armour         | 1 2 3 4 5 6 8 9 10 11 | 11.1
Shields        | 1 3 4 5 7 9 10 11 12 14 15 16 | 16.1
Fighting       | 3 4 5 7 8 10 11 12 13 14 15 | 15.3
Axes           | 2 5 7 10 11 13 14 15 16 17 18 | 18.3
Evocations     | 1 |  1.6
Stealth        | 2 4 |  4.3
Charms         | 1 2 |  2.7
Spellcasting   | 1 3 5 7 8 9 |  9.1
Air Magic      | 2 4 |  4.0
Throwing       | |  1.7

Action                   |  1- 3 |  4- 6 |  7- 9 | 10-12 | 13-15 | 16-18 | 19-21 || total
-------------------------+-------+-------+-------+-------+-------+-------+-------++-------
Melee: Long sword        |   118 |   199 |    26 |       |       |       |       ||   343
       Broad axe         |       |       |   148 |   391 |   772 |   833 |   200 ||  2344
       Kick              |       |       |    32 |   128 |   257 |   267 |    86 ||   770
       Headbutt          |       |       |       |       |   133 |   165 |    62 ||   360
Throw: Throwing net      |       |     1 |     2 |    10 |     1 |     7 |       ||    21
       Javelin           |       |       |     7 |     5 |       |     1 |     5 ||    18
 Cast: Swiftness         |       |       |       |       |       |     1 |       ||     1
Invok: Major Destruction |       |       |       |       |     1 |       |     1 ||     2
       Lesser Servant of |       |       |       |       |       |       |     1 ||     1
 Abil: Evoke Flight      |       |       |     2 |       |       |     2 |       ||     4
       Blink             |       |       |       |       |     1 |       |     1 ||     2
Evoke: Wand              |       |       |     1 |     2 |       |       |       ||     3
  Use: Scroll            |       |       |       |    13 |     9 |     8 |    12 ||    42
       Potion            |       |       |       |       |     3 |     7 |     6 ||    16
 Stab: Sleeping          |     2 |       |       |     3 |       |       |       ||     5
       Distracted        |       |       |     1 |     6 |    19 |     7 |     3 ||    36
       Held in net/web   |       |       |       |     3 |       |     3 |       ||     6
       Invisible         |       |       |       |       |       |       |     9 ||     9
  Eat: Chunk             |     1 |     4 |    11 |    16 |    29 |    18 |       ||    79
       Royal jelly       |       |     1 |       |       |       |     4 |     2 ||     7
       Fruit             |       |       |       |     1 |     2 |     1 |     2 ||     6
       Bread ration      |       |       |       |       |       |     1 |       ||     1
Armor: Leather armour    |    47 |    42 |       |       |       |       |       ||    89
       Chain mail        |       |    88 |    36 |       |       |     3 |       ||   127
       Ring mail         |       |       |    41 |    39 |       |       |       ||    80
       Plate armour      |       |       |       |   136 |   407 |   391 |    86 ||  1020
Dodge: Dodged            |    99 |    76 |    37 |    83 |   191 |   125 |    16 ||   627
Block: Large shield      |       |    72 |   124 |   327 |   746 |   149 |       ||  1418
       Reflection        |       |       |       |       |       |   111 |     7 ||   118
       Shield            |       |       |       |       |       |  1179 |   249 ||  1428
       Rpst.: Long sword |    31 |    26 |     1 |       |       |       |       ||    58
